Map: Catalyst LE

Players

Garett

  • Race: Zerg Zerg
  • League: Diamond
  • Spawn Location: 5:00

AUGcodon - Winner!

  • Race: Terran Terran
  • League: Diamond
  • Spawn Location: 11:00

VOD

Have the link to the VOD?

Description

Time

  • Played on: June 23, 2018, 4:23 p.m.
  • Length: 12:37
Show
View Real Time Build Order
Export as new Build Order

Garett Zerg 

Build Orders: Pool First 

Get SALT Encoding   

  12  0:01  Drone  
  13  0:13  Overlord  
  13  0:18  Drone  
  14  0:32  Drone x2  
  16  0:35  Drone  
  17  0:46  Spawning Pool  
  17  0:49  Drone  
  17  1:11  Hatchery  
  17  1:16  Drone  
  17  1:18  Drone  
  18  1:28  Extractor  
  17  1:34  Queen, Zergling x2  
  17  1:35  Zergling x2  
  21  1:42  Overlord  
  21  1:52  Drone  
  22  2:12  Queen  
  24  2:18  Drone  
  24  2:19  Drone  
  26  2:27  Queen  
  26  2:28  Overlord  
  26  2:29  Drone  
  29  2:30  Metabolic Boost  
  27  2:54  Zergling x6  
  31  2:58  Drone x3  
  31  2:59  Queen  
  36  3:12  Drone  
  36  3:13  Drone  
  36  3:18  Drone x2  
  39  3:21  Drone  
  39  3:22  Overlord, Drone  
  40  3:55  Drone  
  40  3:56  Drone x2  
  40  3:58  Zergling x8  
  40  4:00  Overlord x3  
  47  4:06  Roach Warren  
  47  4:07  Extractor  
  45  4:20  Hatchery  
  45  4:21  Drone x4  
  45  4:22  Drone  
  49  4:33  Overlord  
  49  4:35  Drone x4  
  49  4:36  Drone x2  
  54  4:47  Drone x2  
  53  4:53  Drone x3  
  53  4:55  Lair  
  53  4:59  Extractor  
  55  5:05  Overlord  
  55  5:07  Roach x3  
  55  5:12  Drone  
  62  5:17  Extractor  
  62  5:19  Evolution Chamber  
  60  5:22  Evolution Chamber  
  59  5:32  Roach x2  
  59  5:33  Roach x2  
  69  5:47  Overlord  
  69  5:50  Zerg Missile Weapons Level 1  
  69  5:51  Zerg Ground Armor Level 1  
  67  6:03  Roach x2  
  67  6:04  Roach x3  
  72  6:20  Ravager x2  
  72  6:21  Zergling x6  
  72  6:22  Zergling x6  
  80  6:26  Spore Crawler  
  80  6:31  Spore Crawler  
  78  6:38  Roach  
  78  6:39  Roach x4  
  88  6:47  Overlord x2  
  88  6:56  Roach  
  90  7:01  Glial Reconstitution  
  90  7:03  Hatchery  
  88  7:24  Roach x6  
  88  7:25  Roach x2  
  97  7:34  Ravager  
  92  7:38  Roach x5  
  92  7:39  Roach  
  96  7:46  Zergling x2  
  87  7:56  Roach x5  
  89  7:59  Zerg Missile Weapons Level 2  
  84  8:12  Ravager x4  
  88  8:13  Zergling x2  
  88  8:14  Zergling x2  
  88  8:15  Hatchery  
  88  8:16  Queen  
  88  8:38  Roach x3  
  88  8:39  Roach x6  
  93  8:50  Roach x3  
  91  9:07  Roach x5  
  99  9:13  Drone x2  
  99  9:14  Drone x2  
  103  9:31  Queen, Drone  
  83  9:56  Roach x7  
  83  9:57  Roach x5  
  83  9:58  Zergling x2  
  93  10:10  Drone x2  
  93  10:11  Drone x5  
  100  10:17  Ravager x3  
  100  10:18  Ravager x3  
  97  10:42  Hydralisk Den  
  97  10:43  Drone x2  
  97  10:46  Drone x5  
  103  11:07  Roach x5  
  103  11:08  Roach x3  
  119  11:12  Overlord x4  
  119  11:17  Muscular Augments  
  119  11:23  Drone  
  120  11:27  Queen, Extractor x2  
  120  11:41  Drone x3  
  120  11:42  Drone x2  
  120  11:43  Drone x6  
  120  11:44  Drone x10  
  120  11:45  Drone  
  142  12:08  Hydralisk x4  
  142  12:09  Hydralisk  
  142  12:11  Overlord  
  142  12:12  Overlord x4  
  152  12:16  Extractor  
  152  12:17  Extractor  
Show
View Real Time Build Order
Export as new Build Order

AUGcodon Terran - Winner!

Build Orders: Reaper Expand, Mech 

Get SALT Encoding   

  12  0:01  SCV  
  13  0:13  SCV  
  14  0:18  Supply Depot  
  14  0:25  SCV  
  15  0:40  Barracks, SCV  
  16  0:47  Refinery  
  16  0:52  SCV  
  18  1:04  SCV  
  18  1:16  SCV  
  19  1:28  Orbital Command  
  19  1:32  Reaper  
  20  1:44  Command Center  
  20  1:54  SCV  
  20  1:56  Supply Depot  
  21  2:04  Marine  
  22  2:09  SCV  
  22  2:10  Refinery  
  23  2:17  Factory  
  23  2:26  Barracks Reactor  
  23  2:30  SCV  
  24  2:42  SCV  
  25  2:54  SCV  
  25  2:57  Orbital Command  
  25  3:02  Starport  
  25  3:07  SCV  
  25  3:12  Hellion x2  
  30  3:14  Barracks Tech Lab  
  30  3:20  SCV  
  30  3:23  SCV  
  32  3:31  Supply Depot  
  32  3:32  SCV  
  33  3:39  Hellion x2  
  37  3:48  Viking  
  37  3:53  SCV x2  
  41  3:57  Supply Depot  
  41  4:03  Hellion x2  
  41  4:05  SCV x2  
  46  4:13  Liberator  
  46  4:17  SCV x2  
  46  4:22  Command Center, Supply Depot  
  48  4:29  SCV x2  
  56  4:38  Cyclone  
  56  4:48  Supply Depot  
  56  4:52  SCV x2  
  58  4:54  Cyclone  
  58  4:57  Armory  
  61  5:00  Refinery  
  61  5:01  Refinery  
  61  5:05  SCV x2  
  63  5:07  Factory  
  63  5:17  SCV x2  
  63  5:21  Starport Tech Lab, Factory  
  65  5:25  Hellion  
  65  5:26  Hellion  
  69  5:29  SCV x2  
  69  5:33  Supply Depot  
  71  5:41  SCV x2  
  74  5:43  Orbital Command  
  73  5:53  SCV x2  
  75  6:04  Terran Vehicle Weapons Level 1  
  75  6:05  SCV x2  
  75  6:10  SCV  
  78  6:12  Hellion  
  78  6:13  Hellion  
  78  6:17  SCV  
  78  6:18  SCV  
  85  6:28  Orbital Command  
  85  6:29  Barracks Tech Lab, SCV  
  85  6:30  Thor, Starport Reactor  
  85  6:32  Thor  
  97  6:38  Supply Depot  
  97  6:39  Supply Depot x2  
  97  6:46  SCV x2  
  99  6:51  Engineering Bay  
  99  6:52  Hellion  
  99  6:53  Factory  
  101  7:00  SCV x2  
  103  7:02  SCV  
  106  7:08  Hellion  
  106  7:12  Medivac x2, SCV x2  
  112  7:20  Orbital Command  
  108  7:26  Hellion  
  98  7:37  Siege Tank x2, Hellion  
  98  7:42  SCV x2  
  91  7:52  SCV  
  91  7:57  SCV x2  
  88  8:03  Hellion x2  
  88  8:04  SCV  
  93  8:09  Siege Tank x2, SCV x2  
  101  8:15  Viking x2  
  101  8:16  SCV  
  106  8:21  SCV  
  106  8:22  Thor  
  98  8:35  Hellion  
  98  8:36  Hellion  
  91  8:41  Siege Tank x2  
  79  8:56  SCV x2  
  79  8:57  Hellion x2  
  85  9:08  SCV x2  
  89  9:17  Siege Tank  
  89  9:18  Siege Tank  
  89  9:19  Hellion x2  
  89  9:20  SCV  
  89  9:21  SCV  
  89  9:22  Siege Tank  
  101  9:33  SCV x2  
  103  9:40  Hellion  
  103  9:42  Hellion  
  103  9:45  SCV x2  
  104  9:50  Hellion x2  
  100  9:54  Siege Tank  
  100  9:56  Orbital Command  
  95  10:02  Hellion  
  95  10:03  Hellion  
  96  10:11  Siege Tank x2  
  102  10:23  Hellion  
  102  10:26  Siege Tank  
  107  10:29  Hellion  
  109  10:38  SCV x3  
  112  10:43  Siege Tank, Hellion  
  112  10:45  Supply Depot  
  112  10:46  Supply Depot  
  117  11:01  Supply Depot  
  117  11:02  Supply Depot  
  117  11:07  SCV x3, Hellion x2, Armory  
  117  11:08  Siege Tank  
  127  11:13  Supply Depot  
  127  11:18  Supply Depot  
  127  11:19  SCV x3  
  127  11:20  Supply Depot  
  130  11:31  Thor, SCV  
  130  11:32  Thor  
  137  11:38  Supply Depot  
  143  11:40  Supply Depot  
  143  11:56  Hellion x2  
  143  12:00  SCV x3  
  150  12:04  Command Center  
  150  12:05  Refinery x2  
  150  12:12  SCV  
Tags
 
Add a new tag
Caveats
  • Supply blocks, unpowered buildings, or Contaminate may cause inaccurate times.
  • Supply counts are checked every 10 seconds.